 Dungeon Crawl Stone Soup version 0.26-a0-859-gf57989e088 (webtiles) character file.

Game seed: 18206045637407701214

4245 Morbidden the Ruffian (level 10, -9/83 HPs)
             Began as a Red Draconian Transmuter on Nov 25, 2020.
             Mangled by Harold
             ... wielding a +0 battleaxe
              (19 damage)
             ... on level 8 of the Dungeon.
             The game lasted 00:16:10 (9954 turns).

Morbidden the Ruffian (Red Draconian Transmuter)    Turns: 9954, Time: 00:16:11

Health: -9/83      AC:  2    Str: 13    XL:     10   Next: 9%
Magic:  12/14      EV: 26    Int: 17    God:
Gold:   508        SH:  0    Dex: 22    Spells: 6/15 levels left

rFire    + . .     SeeInvis .     - Unarmed
rCold    . . .     Faith    .   (shield currently unavailable)
rNeg     . . .     Spirit   .   (armour unavailable)
rPois    x         Reflect  .   (helmet currently unavailable)
rElec    .         Harm     .   (cloak currently unavailable)
rCorr    .         Rampage  .   (gloves currently unavailable)
MR       .....                  (boots currently unavailable)
Stlth    +++.......             p - amulet of magic regeneration
HPRegen  0.23/turn              x - +6 ring of dexterity
MPRegen  0.39/turn              F - ring of protection from fire

@: short of breath, spider-form
A: tiny, (breathe fire), unfitting armour, AC +7
a: End Transformation


You were on level 8 of the Dungeon.
You were a venomous arachnid creature.
You visited 2 branches of the dungeon, and saw 9 of its levels.
You also visited: Sewer.

You collected 508 gold pieces.

Inventory:

Hand Weapons
 a - a +2 arbalest (melded)
Missiles
 i - 9 boomerangs (quivered)
 j - 58 bolts
 k - 61 poisoned darts
Armour
 g - a +0 pair of boots (melded)
 l - a +0 cloak (melded)
Jewellery
 p - an amulet of magic regeneration (around neck)
 x - a +6 ring of dexterity (left front leg)
 z - an uncursed ring of positive energy
 F - a ring of protection from fire (right front leg)
Wands
 q - a wand of digging (5)
 A - a wand of disintegration (10)
 D - a wand of iceblast (25)
Scrolls
 h - 4 scrolls of identify
 n - a scroll of immolation
 o - 4 scrolls of remove curse
 r - 8 scrolls of teleportation {unknown}
 s - 2 scrolls of noise {unknown}
 t - a scroll of enchant armour {unknown}
 u - a scroll of blinking {unknown}
 y - 2 scrolls of random uselessness {unknown}
 B - a scroll of vulnerability {unknown}
Potions
 b - 2 potions of lignification
 c - a potion of cancellation {unknown}
 d - a potion of flight {unknown}
 e - 7 potions of curing
 f - 2 potions of heal wounds {unknown}
 m - 2 potions of haste {unknown}
 v - 2 potions of might {unknown}
 w - 2 potions of ambrosia {unknown}
 C - a potion of attraction {unknown}
 E - a potion of berserk rage {unknown}


   Skills:
 * Level 6.0 Fighting
 + Level 6.6 Crossbows
 + Level 0.3 Throwing
 * Level 6.0 Dodging
 + Level 2.8 Stealth
 * Level 6.7 Unarmed Combat
 + Level 3.3 Spellcasting
 * Level 5.9 Transmutations
 - Level 2.0 Poison Magic


You had 6 spell levels left.
You knew the following spells:

 Your Spells              Type           Power        Failure   Level
a - Beastly Appendage     Tmut           ###...       7%          1
b - Spider Form           Tmut/Pois      ###.......   24%         3
c - Fireball              Conj/Fire      #.........   100%        5

Your spell library contained the following spells:

 Spells                   Type           Power        Failure   Level
 Wereblood                Tmut           ###.....     9%          2
 Animate Skeleton         Necr           #.....       36%         1
 Apportation              Tloc           #.....       36%         1
 Corona                   Hex            #......      36%         1
 Foxfire                  Conj/Fire      #...         36%         1
 Magic Dart               Conj           #...         36%         1
 Summon Small Mammal      Summ           #...         36%         1
 Searing Ray              Conj           #.....       47%         2
 Blade Hands              Tmut           ###.......   61%         5
 Conjure Flame            Conj/Fire      #.......     67%         3
 Dazzling Flash           Conj/Hex       #.....       67%         3
 Inner Flame              Hex/Fire       #.......     67%         3
 Ice Form                 Ice/Tmut       ##......     67%         4
 Fulminant Prism          Conj/Hex       #.........   95%         4
 Iskenderun's Mystic Bla  Conj/Tloc      #.......     95%         4
 Sticky Flame             Conj/Fire      #.......     95%         4


Dungeon Overview and Level Annotations

Branches:
Dungeon (8/15)             Temple (1/1) D:4           Sewer (visited)
   Lair: D:8-11

Altars:
Ashenzari
Dithmenos
Elyvilon
Fedhas
Gozag
Hepliaklqana
Kikubaaqudgha
Nemelex Xobeh
Qazlal
Ru
Sif Muna
Trog
Vehumet
Wu Jian
Yredelemnul
Zin
The Shining One

Shops:
D:5 (

Annotations:
D:6 1 runed translucent door, Crazy Yiuf
D:8 Harold


Innate Abilities, Weirdness & Mutations

((You can breathe blasts of fire.))
((Your fiery red scales are hard. (AC +7)))
You cannot fit into any form of body armour.
((Your flesh is heat resistant. (rF+)))
((You are cold-blooded and may be slowed by cold attacks.))


Message History

Unknown command.
Unknown command.
Casting: Beastly Appendage (safe; 1% risk of failure)
Confirm with . or Enter, or press ? or * to list all spells.
Your horns disappear.
Your talons disappear.
Your +0 pair of boots unmelds from your body.
You turn into a venomous arachnid creature.
Your +2 arbalest melds into your body.
Your +0 cloak melds into your body.
Your +0 pair of boots melds into your body.
Harold is engulfed in blazing flames.
Harold hits you with a +0 battleaxe!
* * * LOW HITPOINT WARNING * * *
Unknown command.
You bite Harold!
Harold is severely wounded.
Harold hits you with a +0 battleaxe!
* * * LOW HITPOINT WARNING * * *
Unknown command.
It was a potion of curing.
You feel better. Harold hits you with a +0 battleaxe!!
You die... #...(.(# #...... #.._.. #.... ##... #### .sZ

.... #@#
#### ###s#
+...# ###.#
#######.#
###.......#
.........#
#
##......##
# #......#
# #......#
#


You could see Harold, a scorpion and a jackal zombie.

Vanquished Creatures
  Joseph (D:7)
  6 yaks (D:7)
  A wyvern (D:8)
  Eustachio (D:6)
  Edmund (D:6)
  3 ice beasts
  Purgy (Sewer)
  2 phantoms
  A sky beast (D:5)
  An ogre (D:6)
  3 centaurs
  7 bullfrogs
  3 scorpions
  A wight (D:7)
  2 howler monkeys
  A bullfrog zombie (D:6)
  A centaur zombie (D:7)
  3 hounds
  6 orc wizards
  2 centaur skeletons (D:6)
  An iguana (D:4)
  6 worker ants
  A hound skeleton (D:4)
  A howler monkey zombie (D:8)
  3 gnolls (D:4)
  18 adders
  A howler monkey skeleton (D:4)
  6 river rats (D:5)
  3 white imps
  3 oozes
  2 adder skeletons
  4 worms
  2 dart slugs (D:3)
  5 leopard geckos
  18 orcs
  2 ball pythons
  12 giant cockroaches
  5 goblins
  4 hobgoblins
  15 jackals
  8 kobolds
  3 quokkas
  9 bats
  8 frilled lizards
  A giant cockroach zombie (D:5)
  A jackal skeleton (D:4)
  A jackal zombie (D:5)
  A quokka zombie (D:5)
  13 rats
204 creatures vanquished.

Notes
Turn   | Place    | Note
-------+----------+-------------------------------------------
     0 | D:1      | Morbidden the Draconian Transmuter began the quest for the
                  | Orb.
     0 | D:1      | Reached XP level 1. HP: 16/16 MP: 3/3
   177 | D:1      | Reached XP level 2. HP: 23/23 MP: 3/5
  1094 | D:2      | Reached XP level 3. HP: 25/28 MP: 6/6
  1266 | D:2      | Noticed a moth of wrath
  1269 | D:2      | Found a bloodstained altar of Trog.
  1852 | D:2      | Reached XP level 4. HP: 21/36 MP: 5/7
  2105 | D:2      | Found a faded altar of an unknown god.
  2115 | D:2      | Found a basalt altar of Yredelemnul.
  3419 | D:3      | Reached XP level 5. HP: 41/41 MP: 8/8
  3820 | D:4      | Reached skill level 1 in Crossbows
  4088 | D:4      | Found a glowing golden altar of the Shining One.
  4301 | D:4      | Reached XP level 6. HP: 50/50 MP: 9/9
  4386 | D:4      | Found a white marble altar of Elyvilon.
  4406 | D:4      | Reached skill level 1 in Stealth
  4745 | D:4      | Learned a level 3 spell: Spider Form
  4990 | D:4      | Found a hazy altar of Hepliaklqana.
  5206 | D:4      | Found a shimmering blue altar of Sif Muna.
  5249 | D:4      | Found a staircase to the Ecumenical Temple.
  5293 | Temple   | Entered the Ecumenical Temple
  5507 | D:5      | Entered Level 5 of the Dungeon
  5586 | D:5      | Found Butsunol's Weapon Shoppe.
  5614 | D:5      | Your scales start taking on a fiery red colour.
  5614 | D:5      | Reached XP level 7. HP: 57/57 MP: 11/11
  5614 | D:5      | Gained mutation: Your flesh is heat resistant. (rF+) [Red
                  | Draconian growth]
  5689 | D:5      | Reached skill level 1 in Poison Magic
  5931 | D:5      | Found a glowing drain.
  5938 | Sewer    | Entered a sewer
  6541 | Sewer    | Noticed Purgy
  6551 | Sewer    | Killed Purgy
  6843 | D:5      | Reached skill level 5 in Unarmed Combat
  6977 | D:5      | Reached XP level 8. HP: 64/66 MP: 12/12
  7353 | D:6      | Noticed Edmund
  7359 | D:6      | Killed Edmund
  7880 | D:6      | Noticed Eustachio
  7884 | D:6      | Killed Eustachio
  7885 | D:6      | Reached skill level 5 in Fighting
  7885 | D:6      | Reached skill level 5 in Dodging
  7977 | D:6      | Reached XP level 9. HP: 60/74 MP: 13/13
  8070 | D:6      | Found a runed translucent door.
  8071 | D:6      | Noticed Crazy Yiuf
  8263 | D:7      | Reached skill level 5 in Crossbows
  8269 | D:7      | Reached skill level 5 in Transmutations
  8323 | D:7      | Found an ancient bone altar of Kikubaaqudgha.
  8657 | D:7      | Found a stormy altar of Qazlal.
  9027 | D:7      | Noticed Joseph
  9035 | D:7      | Killed Joseph
  9516 | D:8      | Found a blossoming altar of Fedhas.
  9532 | D:8      | Reached XP level 10. HP: 49/83 MP: 11/14
  9773 | D:8      | Learned a level 5 spell: Fireball
  9938 | D:8      | Found a blossoming altar of Fedhas.
  9944 | D:8      | Noticed Harold
  9953 | D:8      | HP: 3/83 [Harold/+0 battleaxe (17)]
  9954 | D:8      | Mangled by Harold

Illustrated notes

Levels and vault maps discovered:
D:1:      onia_arrival_mini_spirals, layout_basic, minmay_worlds_worst_comb
D:2:      layout_loops_cross, nicolae_overflow_crystal_walls,
          chequers_ecumenical_altar_simple_redux, tgw_trog
D:3:      layout_basic
D:4:      layout_loops_ring, kennysheep_little_box, overflow_temple_1_default,
          tso_metal_star, elyvilon_altar_1, temple_doors_cd
D:5:      layout_gridville, grunt_temple_overflow_champion_of_chaos,
          serial_shops, shop, lightli_sewer_entry_pipes
D:6:      layout_rooms, hangedman_decor_push, uniq_crazy_yiuf_cottage,
          uniq_edmund, uniq_eustachio
D:7:      layout_basic, kiku_gazebo_garden_becter,
          nicolae_qazlal_general_emergency, minmay_bent, uniq_joseph
D:8:      argonaut_augean_stables, layout_basic, lemuel_crystal_altar,
          kennysheep_mini, basic_altar, uniq_harold
Temple:   grunt_temple_mini_profane

Skill      XL: |  1  2  3  4  5  6  7  8  9 10 |
---------------+-------------------------------+-----
Dodging        | 2 3 4 5 6 |  6.0
Unarmed Combat | 4 5 6 |  6.7
Fighting       | 2 3 4 5 6 |  6.0
Crossbows      | 1 2 4 6 |  6.6
Transmutations | 3 4 5 |  5.9
Stealth        | 1 2 |  2.8
Poison Magic   | 2 |  2.0
Spellcasting   | 3 |  3.3
Throwing       | |  0.3

Action                   |  1- 3 |  4- 6 |  7- 9 | 10-12 || total
-------------------------+-------+-------+-------+-------++-------
Melee: Unarmed           |   150 |   210 |   121 |     3 ||   484
       Kick              |     9 |    10 |     9 |       ||    28
       Punch             |     2 |     2 |       |       ||     4
       Tailslap          |    11 |    20 |     8 |       ||    39
       Headbutt          |     8 |     6 |     6 |       ||    20
 Fire: Arbalest          |       |    64 |   180 |    21 ||   265
Throw: Boomerang         |       |    10 |     1 |       ||    11
 Cast: Beastly Appendage |    18 |    14 |     6 |     1 ||    39
       Spider Form       |       |     1 |     9 |     1 ||    11
 Abil: Breathe Fire      |       |       |    16 |     2 ||    18
  Use: Scroll            |       |     4 |       |       ||     4
       Potion            |       |       |     1 |     1 ||     2
 Stab: Sleeping          |       |     3 |       |       ||     3
       Distracted        |       |     1 |       |       ||     1
Armor: Skin              |    82 |    85 |    64 |       ||   231
Dodge: Dodged            |   141 |   169 |   202 |     7 ||   519

Table legend: (Time is in decaauts)
 A = Elapsed time spent in this place.
 B = Non-inter-level travel time spent in this place.
 C = Inter-level travel time spent in this place.
 D = Time resting spent in this place.
 E = Time spent auto-exploring this place.
 F = Levels seen in this place.
 G = Mean time per level.
                   A        B        C        D        E       F      G
               +--------+--------+--------+--------+--------+-----+--------+
         Total |  10150 |   9852 |    298 |    927 |   7029 |  10 | 1015.0 |
       Dungeon |   9290 |   9015 |    275 |    423 |   6779 |   8 | 1161.2 |
        Temple |    183 |    160 |     23 |      0 |    160 |   1 |  183.0 |
         Sewer |    675 |    675 |      0 |    504 |     90 |   1 |  675.0 |
               +--------+--------+--------+--------+--------+-----+--------+

Top non-repeatable levels by time:
     D:4: 1627 daAuts
     D:2: 1524 daAuts
     D:3: 1250 daAuts
     D:5: 1143 daAuts
     D:7: 1061 daAuts
     D:6: 1044 daAuts
     D:1: 931 daAuts
     D:8: 707 daAuts
   Sewer: 675 daAuts
  Temple: 183 daAuts
